[Event "Titled Tuesday Blitz October 31 Early 2023"]
[White "Jakubowski, Krzysztof"]
[Black "Mesa Cruz, Juan Carlos"]
[WhiteFideId "1112848"]
[BlackFideId "6423400"]
[WhiteElo "2672"]
[BlackElo "2322"]
[Result "1-0"]
[Round "5"]
[TimeControl "180+1"]
[Date "2023.10.31"]
[WhiteClock "0:00:33"]
[BlackClock "0:00:08"]
[Board "128"]

1. e4 c5 2. Nf3 d6 3. d4 cxd4 4. Nxd4 Nf6 5. Nc3 a6 6. Bg5 e6 7. Qf3 Nbd7 8. O-O-O Qc7 9. Qh3 Nc5 10. Bxf6 gxf6 11. f4 b5 12. Bd3 b4 13. Nce2 Bb7 14. Ng3 O-O-O 15. Nh5 Be7 16. Rhe1 Kb8 17. Kb1 Rc8 18. Rc1 Qb6 19. Qe3 Rhg8 20. g3 Qa5 21. f5 e5 22. Nb3 Qb6 23. Bc4 Ka7 24. Bxf7 Rgf8 25. Nxc5 Rxc5 26. Bb3 a5 27. Ng7 Rfc8 28. Ne6 R5c6 29. Bd5 Rc4 30. Qxb6+ Kxb6 31. Bxc4 Rxc4 32. Re2 Rxe4 33. Rxe4 Bxe4 34. g4 Bf3 35. h3 Bg2 36. h4 Bh3 37. Rg1 d5 38. Kc1 e4 39. Kd2 h5 40. gxh5 Bxf5 41. Nd4 Bd7 42. Rg7 Bc5 43. Rxd7 Bxd4 44. Rxd5 Bxb2 45. Rf5 Kc6 46. h6 Kd6 47. h7 Ke6 48. Rh5 f5 49. h8=Q Bxh8 50. Rxh8 f4 51. Ke2 Kd5 52. Re8 Kc4 53. Rxe4+ Kc3 54. Rxf4 a4 55. h5 a3 56. h6 Kb2 57. h7 Kxa2 58. h8=Q Kb1 59. Rf1+ Ka2 60. Qa1# 1-0


[Site "https://www.chess.com"]

[Event "Titled Tuesday Blitz October 31 Early 2023"]
[White "Der_Balak_3Halak"]
[Black "Xtrmntr78"]
[WhiteElo "2317"]
[BlackElo "2655"]
[Result "0-1"]
[Round "5"]
[TimeControl "180+1"]
[Date "2023.10.31"]
[WhiteClock "0:00:03"]
[BlackClock "0:00:51"]
[Board "129"]

1. e4 e5 2. Nf3 d5 3. exd5 Bd6 4. d3 f5 5. Be2 Nf6 6. c4 O-O 7. Nc3 c6 8. Be3 cxd5 9. cxd5 a6 10. Ng5 Qe7 11. Qb3 b5 12. O-O Bb7 13. Ne6 Rc8 14. Bf3 b4 15. Na4 e4 16. dxe4 fxe4 17. Bxe4 Nxe4 18. Nb6 Nd7 19. Nxc8 Rxc8 20. Rac1 Rxc1 21. Rxc1 Nef6 22. Nc7 Qe5 23. Qa4 Qxh2+ 24. Kf1 Qh1+ 25. Ke2 Qxg2 26. Nxa6 Qxd5 27. Nxb4 Qf3+ 28. Ke1 h5 29. Nc6 h4 30. Qb3+ Kh8 31. Qxb7 h3 32. Nd8 Qh5 33. Qb3 Ne5 34. Qe6 Bb4+ 35. Bd2 Nf3+ 36. Kf1 Nxd2+ 37. Kg1 Qg6+ 0-1


[Site "https://www.chess.com"]

[Event "Titled Tuesday Blitz October 31 Early 2023"]
[White "Kashefi, Amir Hosein"]
[Black "Babarsik1977"]
[WhiteFideId "12557935"]
[WhiteElo "2588"]
[BlackElo "2307"]
[Result "0-1"]
[Round "5"]
[TimeControl "180+1"]
[Date "2023.10.31"]
[WhiteClock "0:00:00"]
[BlackClock "0:00:09"]
[Board "130"]

1. d4 e6 2. Nf3 f5 3. g3 Nf6 4. Bg2 d5 5. Bg5 Bd6 6. Nbd2 c6 7. O-O O-O 8. e3 Nbd7 9. c4 h6 10. Bf4 Bxf4 11. gxf4 Qe8 12. Kh1 Ne4 13. Nxe4 fxe4 14. Nd2 Kh8 15. Rg1 Nf6 16. Bf1 Bd7 17. Be2 Rg8 18. Qf1 Qe7 19. a3 Raf8 20. Rg3 Be8 21. Qh3 Nh7 22. Rag1 Rf6 23. Bh5 g6 24. Bd1 g5 25. Bh5 Bg6 26. Bxg6 Rfxg6 27. cxd5 exd5 28. fxg5 Nxg5 29. Qh4 Qg7 30. b4 a6 31. Qh5 Kh7 32. Nb3 Nf3 33. Rxg6 Qxg6 34. Rxg6 Rxg6 35. Qxg6+ Kxg6 36. Nc5 Ne1 37. Nxb7 Nc2 38. Nd8 Nxa3 39. Nxc6 Nc2 40. Ne7+ Kf7 41. Nxd5 Ke6 42. Nc7+ Kd6 43. Nxa6 Kd5 44. Kg2 Kc4 45. Kg3 Kb5 46. Nc5 Nxb4 0-1


[Site "https://www.chess.com"]

[Event "Titled Tuesday Blitz October 31 Early 2023"]
[White "Bulmaga, Irina"]
[Black "Matthes, Aaron"]
[WhiteFideId "13903063"]
[BlackFideId "16227310"]
[WhiteElo "2584"]
[BlackElo "2304"]
[Result "1-0"]
[Round "5"]
[TimeControl "180+1"]
[Date "2023.10.31"]
[WhiteClock "0:02:03"]
[BlackClock "0:01:24"]
[Board "131"]

1. e4 c6 2. d3 d5 3. Nd2 dxe4 4. dxe4 e5 5. Ngf3 Nf6 6. Bc4 Bg4 7. Bxf7+ Kxf7 8. Nxe5+ Kg8 9. Nxg4 Nbd7 10. Nxf6+ Nxf6 11. O-O h6 12. e5 Nd5 13. Ne4 Be7 14. Qg4 Kh7 15. Qf5+ Kg8 16. c4 Nc7 17. Be3 Qe8 18. Rad1 g6 19. Qg4 Kg7 20. e6 Rf8 21. Rd7 Rc8 22. Bd4+ Kh7 23. Rd1 h5 24. Qh3 Kh6 25. Be3+ g5 26. Rxe7 Qxe7 27. Bxg5+ 1-0


[Site "https://www.chess.com"]

[Event "Titled Tuesday Blitz October 31 Early 2023"]
[White "Schut, Han"]
[Black "Ezat, Mohamed"]
[WhiteFideId "1005561"]
[BlackFideId "10600906"]
[WhiteElo "2300"]
[BlackElo "2577"]
[Result "0-1"]
[Round "5"]
[TimeControl "180+1"]
[Date "2023.10.31"]
[WhiteClock "0:00:00"]
[BlackClock "0:00:09"]
[Board "132"]

1. e4 c6 2. d4 d5 3. exd5 cxd5 4. c4 Nf6 5. Nc3 g6 6. cxd5 Bg7 7. Bb5+ Nbd7 8. d6 O-O 9. dxe7 Qxe7+ 10. Nge2 Nb6 11. O-O Bg4 12. h3 Bxe2 13. Bxe2 Rfd8 14. Re1 Qb4 15. a3 Qxd4 16. Qxd4 Rxd4 17. Bf3 Nfd5 18. Nb5 Rd3 19. Nd6 Rb3 20. Nxb7 Bxb2 21. Nc5 Bxa1 22. Nxb3 Bc3 23. Rd1 Rb8 24. Rxd5 Nxd5 25. Bxd5 Rd8 26. Bf3 Rc8 27. Be3 a5 28. Nc5 Bb2 29. a4 Ba3 30. Nd7 Bb4 31. Nf6+ Kg7 32. Bd4 Bc3 33. Bxc3 Rxc3 34. Ne8+ Kf8 35. Nd6 Rc1+ 36. Kh2 Rc5 37. Ne4 Rc4 38. Nf6 Rxa4 39. Nd7+ Kg7 40. Nc5 Ra1 41. h4 Rc1 42. Na4 Rc4 43. Bd1 Rxh4+ 44. Kg3 Rb4 45. f4 f6 46. Kf3 Rb1 47. Be2 Rb3+ 48. Kf2 Ra3 49. Bb5 h5 50. Bd7 Rd3 51. Bb5 Rd4 52. g3 Rb4 53. Bd7 Rb2+ 54. Ke3 Rb3+ 55. Kf2 h4 56. gxh4 Rh3 57. f5 Rxh4 58. fxg6 Kxg6 59. Nb6 Rb4 60. Nd5 Rd4 0-1


[Site "https://www.chess.com"]

[Event "Titled Tuesday Blitz October 31 Early 2023"]
[White "Mihajlovskij, Sergei"]
[Black "Kiremitciyan, Ari"]
[WhiteFideId "13500805"]
[BlackFideId "6373445"]
[WhiteElo "2299"]
[BlackElo "2554"]
[Result "0-1"]
[Round "5"]
[TimeControl "180+1"]
[Date "2023.10.31"]
[WhiteClock "0:00:02"]
[BlackClock "0:01:16"]
[Board "133"]

1. e4 c6 2. d4 d5 3. e5 Bf5 4. Be2 e6 5. Nf3 Bg4 6. O-O Nd7 7. h3 Bxf3 8. Bxf3 a6 9. c3 c5 10. dxc5 Bxc5 11. b4 Ba7 12. Re1 Ne7 13. a4 O-O 14. Bg5 h6 15. Bh4 Qe8 16. Qd2 Rc8 17. Bg3 Nb6 18. a5 Nc4 19. Qe2 Nf5 20. Bh2 Qc6 21. Bg4 Ne7 22. Na3 Nxa3 23. Rxa3 Rfd8 24. Rc1 Qc4 25. Qxc4 dxc4 26. Ra2 g5 27. Kf1 Ng6 28. Bf3 Rc7 29. Ke2 Rcd7 30. Be4 Nf4+ 31. Bxf4 gxf4 32. g3 fxg3 33. f4 Bf2 34. Rb1 Kf8 35. b5 axb5 36. Rxb5 Rd1 37. Bxb7 R8d3 38. Rb1 Rxb1 39. a6 Re1# 0-1


[Site "https://www.chess.com"]

[Event "Titled Tuesday Blitz October 31 Early 2023"]
[White "Shapiro, Daniel"]
[Black "Gurevich, Dmitry"]
[WhiteFideId "2001780"]
[BlackFideId "2000407"]
[WhiteElo "2299"]
[BlackElo "2553"]
[Result "1/2-1/2"]
[Round "5"]
[TimeControl "180+1"]
[Date "2023.10.31"]
[WhiteClock "0:00:10"]
[BlackClock "0:00:19"]
[Board "134"]

1. d4 Nf6 2. c4 a6 3. Nc3 c5 4. d5 b5 5. cxb5 axb5 6. Nxb5 Qa5+ 7. Nc3 Bb7 8. Bd2 Qb6 9. e4 e6 10. dxe6 fxe6 11. Qc2 Nc6 12. Nf3 Nd4 13. Qb1 Be7 14. Ne5 O-O 15. Bd3 Ba6 16. O-O Bxd3 17. Qxd3 Qxb2 18. Nc4 Qc2 19. Qxc2 Nxc2 20. Rac1 Nd4 21. f3 Rfb8 22. Be3 d5 23. Ne5 Rb2 24. Rfd1 Ne2+ 25. Nxe2 Rxe2 26. Bxc5 Raxa2 27. Bxe7 Rxg2+ 28. Kf1 Raf2+ 29. Ke1 Re2+ 30. Kf1 Ref2+ 31. Ke1 Re2+ 32. Kf1 Ref2+ 1/2-1/2


[Site "https://www.chess.com"]

[Event "Titled Tuesday Blitz October 31 Early 2023"]
[White "Novikova, Anna"]
[Black "Omariev, Maksim"]
[WhiteFideId "4146794"]
[BlackFideId "4193423"]
[WhiteElo "2297"]
[BlackElo "2521"]
[Result "0-1"]
[Round "5"]
[TimeControl "180+1"]
[Date "2023.10.31"]
[WhiteClock "0:00:07"]
[BlackClock "0:00:01"]
[Board "135"]

1. e4 c5 2. Nc3 Nc6 3. d4 Nxd4 4. Nf3 Nxf3+ 5. Qxf3 d6 6. e5 dxe5 7. Be3 e6 8. Bb5+ Bd7 9. O-O-O Nf6 10. Rxd7 Nxd7 11. Rd1 Rb8 12. Rxd7 Qxd7 13. Bxd7+ Kxd7 14. Qg3 f6 15. Ne4 b6 16. a3 Rd8 17. a4 Ke8 18. a5 Kf7 19. axb6 axb6 20. Kb1 Be7 21. Qf3 h6 22. Qh5+ g6 23. Qf3 Kg7 24. Nc3 Kf7 25. Qb7 Rb8 26. Qc7 Rhc8 27. Qa7 b5 28. Ne4 Kf8 29. Bxh6+ Ke8 30. Be3 c4 31. Nc5 Kf7 32. Nd7 Ra8 33. Qb7 b4 34. Nb6 Rcb8 35. Qxa8 Rxa8 36. Nxa8 f5 37. Nc7 f4 38. Bb6 g5 39. Na6 e4 40. Nc5 e3 41. Nd7 e2 0-1


[Site "https://www.chess.com"]

[Event "Titled Tuesday Blitz October 31 Early 2023"]
[White "gpsji27"]
[Black "Czerw, Dawid"]
[BlackFideId "1145746"]
[WhiteElo "2289"]
[BlackElo "2515"]
[Result "1-0"]
[Round "5"]
[TimeControl "180+1"]
[Date "2023.10.31"]
[WhiteClock "0:00:12"]
[BlackClock "0:00:09"]
[Board "136"]

1. d4 d5 2. Nf3 Nf6 3. Bg5 Ne4 4. Bh4 h6 5. e3 g5 6. Bg3 Bg7 7. Nfd2 Nxg3 8. hxg3 Nc6 9. Nc3 e5 10. Nb3 exd4 11. Nxd4 Ne5 12. Nf3 c6 13. Nxe5 Bxe5 14. Qd2 Qf6 15. Be2 Be6 16. Nd1 Bxb2 17. Nxb2 Qxb2 18. O-O Qf6 19. Rab1 b6 20. Qb4 h5 21. Qa4 Bd7 22. c4 dxc4 23. Qxc4 h4 24. g4 h3 25. g3 h2+ 26. Kh1 Kf8 27. Rbd1 Rd8 28. Qe4 Kg7 29. Bc4 b5 30. Bb3 c5 31. Bd5 c4 32. f4 Bxg4 33. fxg5 Qxg5 34. Rxf7+ Kh6 35. Rd2 Rhe8 36. Rxh2+ Bh5 37. Qh7# 1-0


[Site "https://www.chess.com"]

[Event "Titled Tuesday Blitz October 31 Early 2023"]
[White "Goh, Zi Han"]
[Black "Ekdyshman, Mikhail"]
[WhiteFideId "5819156"]
[BlackFideId "4149416"]
[WhiteElo "2285"]
[BlackElo "2508"]
[Result "0-1"]
[Round "5"]
[TimeControl "180+1"]
[Date "2023.10.31"]
[WhiteClock "0:00:21"]
[BlackClock "0:01:23"]
[Board "137"]

1. d4 Nf6 2. c4 c5 3. d5 b5 4. cxb5 a6 5. b6 a5 6. Nc3 Ba6 7. g3 d6 8. Bg2 Nbd7 9. Nf3 g6 10. O-O Bg7 11. Re1 O-O 12. e4 Nxb6 13. e5 Nfd7 14. e6 fxe6 15. Ng5 e5 16. Ne6 Qe8 17. Nxf8 Qxf8 18. Bg5 Bf6 19. Qc1 Bb7 20. Bh3 Kh8 21. Be6 Bxg5 22. Qxg5 Nf6 23. Rad1 Bc8 24. Bxc8 Qxc8 25. f4 Nbd7 26. Ne4 Nxe4 27. Rxe4 Nf6 28. Re2 e4 29. Rf1 Qf5 30. Qxf5 gxf5 31. Rd1 Rb8 32. Kf2 h5 33. Ke3 Kg7 34. Rdd2 Ng4# 0-1


[Site "https://www.chess.com"]

[Event "Titled Tuesday Blitz October 31 Early 2023"]
[White "Lehtosaari, Mauri"]
[Black "Nekoo04"]
[WhiteFideId "501999"]
[WhiteElo "2500"]
[BlackElo "2282"]
[Result "1-0"]
[Round "5"]
[TimeControl "180+1"]
[Date "2023.10.31"]
[WhiteClock "0:00:49"]
[BlackClock "0:00:00"]
[Board "138"]

1. d4 d5 2. Nf3 Nf6 3. Bg5 Ne4 4. Bf4 c5 5. e3 Nc6 6. c3 Qb6 7. Qb3 c4 8. Qxb6 axb6 9. Nfd2 Nxd2 10. Nxd2 Bf5 11. Be2 b5 12. Bf3 e6 13. e4 dxe4 14. Nxe4 f6 15. O-O g5 16. Nxf6+ Kf7 17. Be5 Bg7 18. Bxc6 bxc6 19. Nd7 Rhd8 20. Bxg7 Rxd7 21. Be5 Rda7 22. a3 h5 23. Rac1 Rd7 24. Rfe1 Rd5 25. f3 Rc8 26. Kf2 Rcd8 27. Ra1 Ra8 28. h3 h4 29. g3 hxg3+ 30. Kxg3 Kg6 31. Rh1 c5 32. Rag1 cxd4 33. cxd4 1-0


[Site "https://www.chess.com"]

[Event "Titled Tuesday Blitz October 31 Early 2023"]
[White "Camilla_Lee"]
[Black "Ng, Gary"]
[BlackFideId "2604914"]
[WhiteElo "2492"]
[BlackElo "2272"]
[Result "1-0"]
[Round "5"]
[TimeControl "180+1"]
[Date "2023.10.31"]
[WhiteClock "0:00:04"]
[BlackClock "0:00:01"]
[Board "139"]

1. e4 c6 2. d4 d5 3. Nc3 dxe4 4. Nxe4 Bf5 5. Ng3 Bg6 6. Nf3 Nd7 7. h4 h6 8. Bc4 e6 9. Qe2 Ngf6 10. Bf4 Be7 11. O-O-O Qa5 12. Kb1 Nb6 13. Bb3 Nbd5 14. Bd2 Qb6 15. Ne5 Bh7 16. f4 Qxd4 17. f5 Qb6 18. fxe6 fxe6 19. Nh5 O-O 20. Nxf6+ Bxf6 21. Nd7 Qd4 22. Bc1 Qe4 23. Qxe4 Bxe4 24. Nxf8 Rxf8 25. Rhe1 Bxg2 26. Rxe6 Bxh4 27. Rg1 Bf3 28. Bxh6 Rf7 29. Re8+ Kh7 30. Bc1 g6 31. c3 Bf6 32. Bc2 Bh5 33. Rh1 Kg7 34. Ree1 Bd8 35. Reg1 Kf8 36. Bxg6 Bxg6+ 37. Rxg6 Bb6 38. Rh8+ Ke7 39. Rh1 Kd7 40. Rd1 Kc7 41. Rg8 Re7 42. c4 Nb4 43. Bf4+ Re5 44. Bxe5# 1-0


[Site "https://www.chess.com"]

[Event "Titled Tuesday Blitz October 31 Early 2023"]
[White "Arutla, Aditya"]
[Black "Limontaite, Simona"]
[WhiteFideId "30961998"]
[BlackFideId "12802506"]
[WhiteElo "2486"]
[BlackElo "2271"]
[Result "1-0"]
[Round "5"]
[TimeControl "180+1"]
[Date "2023.10.31"]
[WhiteClock "0:00:12"]
[BlackClock "0:00:00"]
[Board "140"]

1. e4 c5 2. Nf3 Nc6 3. d4 cxd4 4. Nxd4 Nf6 5. Nc3 e5 6. Ndb5 d6 7. Bg5 a6 8. Na3 b5 9. Bxf6 gxf6 10. Nd5 Bg7 11. g3 O-O 12. Bg2 Rb8 13. c3 f5 14. exf5 Bxf5 15. Nc2 Be6 16. Nce3 b4 17. O-O bxc3 18. bxc3 f5 19. Qa4 Bd7 20. Qxa6 e4 21. Rab1 Ra8 22. Qc4 Ne5 23. Qb3 Kh8 24. Nf4 Nf3+ 25. Bxf3 exf3 26. Qd5 Be5 27. Qxf3 Rxa2 28. Nc4 Ra4 29. Nb6 Re4 30. Nxd7 Qxd7 31. Nd5 Qf7 32. Rbd1 Rc4 33. Qd3 Rc5 34. f4 Bg7 35. Rfe1 Qa7 36. Qe3 Ra5 37. Qxa7 Rxa7 38. Rc1 Rc8 39. c4 Ra4 40. Nb6 Raa8 41. Nxc8 Rxc8 42. Red1 Rc6 43. Rd5 Bb2 44. Rc2 Ba3 45. Kf2 Bc5+ 46. Ke2 Rc7 47. Kd3 Re7 48. Re2 Rf7 49. Re6 Kg7 50. Rexd6 Bxd6 51. Rxd6 Rc7 52. Kd4 Rc8 53. Kd5 Kf7 54. c5 Ke7 55. Rh6 Rd8+ 56. Kc4 Rd2 57. Rxh7+ Ke6 58. Rh6+ Kd7 59. Rf6 Rxh2 60. Rxf5 Rg2 61. Rg5 Rc2+ 62. Kd5 Rd2+ 63. Ke5 Rc2 64. Kf6 Rc4 65. Re5 Rc3 66. g4 Rc4 67. Kf5 Kd8 68. g5 1-0


[Site "https://www.chess.com"]

[Event "Titled Tuesday Blitz October 31 Early 2023"]
[White "Malikova777"]
[Black "Horcajuelo Rocamora, Martin"]
[BlackFideId "24573027"]
[WhiteElo "2269"]
[BlackElo "2476"]
[Result "1-0"]
[Round "5"]
[TimeControl "180+1"]
[Date "2023.10.31"]
[WhiteClock "0:01:12"]
[BlackClock "0:01:59"]
[Board "141"]

1. d4 c5 2. d5 Nf6 3. c4 b5 4. cxb5 a6 5. bxa6 e6 6. Nc3 exd5 7. Nxd5 Be7 8. Nxe7 Qxe7 9. e3 Bxa6 10. Bxa6 Nxa6 11. Nf3 O-O 12. O-O Nb4 13. a3 c4 14. Bd2 Nd3 15. Bc3 Ne4 16. Ne1 Nxc3 17. bxc3 Nc5 18. Nc2 Qe6 19. Nd4 Qg6 20. Nf3 Nd3 21. Ne1 Ne5 22. Qd5 Qe6 23. Qd4 d5 24. e4 Ra5 25. Nc2 Nd3 26. exd5 Rxd5 27. Qxc4 Rc8 28. Qh4 Qg6 29. Ne3 Rh5 30. Qg4 Rg5 31. Qxc8# 1-0


[Site "https://www.chess.com"]

[Event "Titled Tuesday Blitz October 31 Early 2023"]
[White "Sarkar, Justin"]
[Black "Bilan, Danila"]
[WhiteFideId "2010011"]
[BlackFideId "24161918"]
[WhiteElo "2268"]
[BlackElo "2474"]
[Result "0-1"]
[Round "5"]
[TimeControl "180+1"]
[Date "2023.10.31"]
[WhiteClock "0:00:00"]
[BlackClock "0:00:18"]
[Board "142"]

1. d4 d5 2. c4 c6 3. Nf3 Nf6 4. Nc3 e6 5. Bg5 Nbd7 6. e3 Qa5 7. cxd5 exd5 8. Bd3 Ne4 9. O-O Nxg5 10. Nxg5 Nf6 11. a3 h6 12. Nf3 Bg4 13. h3 Be6 14. Ne5 Bd6 15. f4 O-O 16. Qf3 Rfe8 17. g4 c5 18. g5 hxg5 19. fxg5 Bxe5 20. dxe5 Nd7 21. Qh5 Nf8 22. Rf4 g6 23. Qh6 Qc7 24. Raf1 Qxe5 25. R1f3 Nh7 26. Rh4 Qxg5+ 27. Qxg5 Nxg5 28. Rg3 Nh7 0-1


[Site "https://www.chess.com"]

[Event "Titled Tuesday Blitz October 31 Early 2023"]
[White "Shuvalov, Evgenij"]
[Black "hsd2016"]
[WhiteFideId "4187237"]
[WhiteElo "2460"]
[BlackElo "2265"]
[Result "1-0"]
[Round "5"]
[TimeControl "180+1"]
[Date "2023.10.31"]
[WhiteClock "0:01:58"]
[BlackClock "0:01:04"]
[Board "143"]

1. e4 d6 2. d4 g6 3. Nc3 Bg7 4. Bg5 Nf6 5. Qd2 Nbd7 6. O-O-O e5 7. dxe5 Nxe5 8. f4 Nc6 9. e5 dxe5 10. Qxd8+ Nxd8 11. fxe5 Nd7 12. Bxd8 Kxd8 13. Nf3 c6 14. Bc4 Kc7 15. Bxf7 Nxe5 16. Nxe5 Bxe5 17. Rhe1 Bf4+ 18. Kb1 Bf5 19. Re7+ Kb6 20. Na4+ Ka6 21. Nc5+ Kb5 22. Rxb7+ Kxc5 23. b4# 1-0


[Site "https://www.chess.com"]

[Event "Titled Tuesday Blitz October 31 Early 2023"]
[White "Clawitter, Craig"]
[Black "PoXerStar"]
[WhiteFideId "2023105"]
[WhiteElo "2248"]
[BlackElo "2441"]
[Result "0-1"]
[Round "5"]
[TimeControl "180+1"]
[Date "2023.10.31"]
[WhiteClock "0:00:00"]
[BlackClock "0:00:21"]
[Board "144"]

1. e4 Nf6 2. e5 Nd5 3. d4 d6 4. Nf3 dxe5 5. Nxe5 g6 6. Be2 Bg7 7. O-O O-O 8. Nd2 Nd7 9. Ndf3 Nxe5 10. dxe5 c6 11. c4 Nc7 12. Bf4 Ne6 13. Bg3 Qb6 14. Qb3 Qxb3 15. axb3 c5 16. Rfd1 b6 17. Nd2 Nd4 18. Bd3 Bb7 19. f4 Rfd8 20. Bf2 a5 21. Kf1 Ne6 22. Be4 Bxe4 23. Nxe4 Nxf4 24. b4 axb4 25. Rxa8 Rxa8 26. g3 Ne6 27. Rd7 Bxe5 28. Rxe7 Bxb2 29. Rb7 Be5 30. Rxb6 Rb8 31. Rxb8+ Bxb8 32. Nxc5 Nxc5 33. Bxc5 b3 34. Bd4 Ba7 35. Bc3 Kf8 36. Ke2 Ke7 37. Kd3 Kd6 38. h3 Bc5 39. g4 f5 40. gxf5 gxf5 41. h4 h5 42. Be1 Ke5 43. Bg3+ f4 44. Be1 f3 45. Bg3+ Kf5 46. Kd2 Ke4 47. Ke1 b2 0-1


[Site "https://www.chess.com"]

[Event "Titled Tuesday Blitz October 31 Early 2023"]
[White "Juicy_Fork"]
[Black "De Souza, Cristiano Gomes"]
[BlackFideId "2151758"]
[WhiteElo "2427"]
[BlackElo "2245"]
[Result "1/2-1/2"]
[Round "5"]
[TimeControl "180+1"]
[Date "2023.10.31"]
[WhiteClock "0:00:05"]
[BlackClock "0:00:15"]
[Board "145"]

1. e4 c5 2. Nf3 d6 3. d4 cxd4 4. Nxd4 Nf6 5. Nc3 g6 6. Be3 Bg7 7. f3 O-O 8. Qd2 Nc6 9. O-O-O d5 10. exd5 Nxd5 11. Nxc6 bxc6 12. Bd4 e5 13. Bc5 Be6 14. Ne4 Re8 15. h4 h6 16. h5 g5 17. g4 Nf4 18. Qc3 Bd5 19. Ba6 Qc7 20. a3 Ne6 21. Nd6 Red8 22. Nf5 Nxc5 23. Qxc5 Bxf3 24. Rdf1 Bxh1 25. Bc4 Bd5 26. Bxd5 Rxd5 27. Ne7+ Kh8 28. Nxd5 Qd7 29. Ne3 e4 30. Nf5 Qd5 31. Qe7 Rd8 32. Nxg7 Kxg7 33. Qf6+ Kg8 34. Kb1 e3 35. Re1 Qd2 36. Qf1 Rd4 37. Re2 Qd1+ 38. Qxd1 Rxd1+ 39. Ka2 Rg1 40. Rxe3 Rxg4 41. Rc3 Rh4 42. Rxc6 Rxh5 43. c4 Kg7 44. c5 Rh2 45. Kb3 g4 46. Rd6 g3 47. Rd3 g2 48. Rg3+ Kf6 49. c6 Rh5 50. Rxg2 Rc5 51. Rc2 Rxc2 52. Kxc2 Ke6 53. Kd3 Kd6 54. Ke4 Kxc6 55. Kf5 Kb5 56. b3 a5 57. Kg4 Kc5 58. Kh5 f5 59. Kh4 Kd4 60. Kg3 Kc3 61. b4 axb4 62. axb4 Kxb4 63. Kf4 Kc4 64. Kxf5 Kd4 65. Kg6 Ke5 66. Kxh6 1/2-1/2


[Site "https://www.chess.com"]

[Event "Titled Tuesday Blitz October 31 Early 2023"]
[White "Novikova, Galina"]
[Black "parintele_chess"]
[WhiteFideId "4157095"]
[WhiteElo "2425"]
[BlackElo "2244"]
[Result "0-1"]
[Round "5"]
[TimeControl "180+1"]
[Date "2023.10.31"]
[WhiteClock "0:00:03"]
[BlackClock "0:01:59"]
[Board "146"]

1. e4 c5 2. Nf3 Nc6 3. d4 cxd4 4. Nxd4 Nf6 5. Nc3 h5 6. Be3 Ng4 7. Bc1 Qb6 8. Nd5 Qxd4 9. Qxd4 Nxd4 10. Nc7+ Kd8 11. Nxa8 Nxc2+ 12. Ke2 Nxa1 13. h3 Nf6 14. Bf4 d6 15. Ke3 Nc2+ 16. Kf3 Nd4+ 17. Kg3 Nxe4+ 18. Kh2 Nxf2 19. Rg1 Nf5 20. Bc4 b6 21. Bd5 Ng4+ 22. hxg4 hxg4+ 23. Bh6 Rxh6# 0-1


[Site "https://www.chess.com"]

[Event "Titled Tuesday Blitz October 31 Early 2023"]
[White "Akylbek2021"]
[Black "Mrudul Dehankar"]
[BlackFideId "25096990"]
[WhiteElo "2242"]
[BlackElo "2414"]
[Result "1-0"]
[Round "5"]
[TimeControl "180+1"]
[Date "2023.10.31"]
[WhiteClock "0:00:08"]
[BlackClock "0:00:00"]
[Board "147"]

1. e4 c6 2. Nf3 d5 3. d3 dxe4 4. Ng5 exd3 5. Bxd3 e6 6. Bxh7 Qa5+ 7. Nc3 Be7 8. h4 Bxg5 9. hxg5 Ne7 10. Bd2 Qf5 11. Qh5 g6 12. Qh6 Nd7 13. Qg7 Rf8 14. O-O-O b6 15. f3 Bb7 16. Ne4 1-0


[Site "https://www.chess.com"]

[Event "Titled Tuesday Blitz October 31 Early 2023"]
[White "crazy_m_attack"]
[Black "Kiseleva, Arina"]
[BlackFideId "4164989"]
[WhiteElo "2413"]
[BlackElo "2232"]
[Result "1-0"]
[Round "5"]
[TimeControl "180+1"]
[Date "2023.10.31"]
[WhiteClock "0:00:57"]
[BlackClock "0:00:00"]
[Board "148"]

1. e4 c6 2. d4 d5 3. Nc3 dxe4 4. Nxe4 Nf6 5. Nxf6+ exf6 6. c3 Bd6 7. Bd3 O-O 8. Ne2 Re8 9. Qc2 h5 10. Be3 b5 11. O-O-O Be6 12. c4 bxc4 13. Bxc4 Qa5 14. Bxe6 Rxe6 15. Kb1 g6 16. d5 Re8 17. dxc6 Be5 18. Bd4 Na6 19. Bxe5 Rxe5 20. Nd4 Rc5 21. Qd2 Qb6 22. Rc1 Rb8 23. Rxc5 Nxc5 24. Qc2 Na6 25. Qc3 Nb4 26. Rc1 Nd5 27. Qd2 Nc7 28. Nb3 a5 29. Qxa5 Qxa5 30. Nxa5 Rb5 31. Nb3 Kf8 32. Rd1 Ke7 33. Rd7+ Ke6 34. Rxc7 Re5 35. a4 Re1+ 36. Ka2 1-0


[Site "https://www.chess.com"]

[Event "Titled Tuesday Blitz October 31 Early 2023"]
[White "Tsyhanchuk, Stanislav"]
[Black "Rodriguez Dominguez, Melissa"]
[WhiteFideId "13505130"]
[BlackFideId "3517560"]
[WhiteElo "2412"]
[BlackElo "2198"]
[Result "1-0"]
[Round "5"]
[TimeControl "180+1"]
[Date "2023.10.31"]
[WhiteClock "0:00:09"]
[BlackClock "0:00:06"]
[Board "149"]

1. e4 c5 2. Nf3 e6 3. d4 cxd4 4. Nxd4 Nc6 5. Nc3 Qc7 6. Be3 a6 7. Bd3 Nf6 8. O-O Nxd4 9. Bxd4 Bc5 10. Bxf6 gxf6 11. Qg4 Qe5 12. Rae1 Qg5 13. Qxg5 fxg5 14. e5 Ke7 15. Ne4 Bd4 16. c3 Bxe5 17. Nxg5 Bc7 18. f4 f6 19. Ne4 f5 20. Nd2 Kf6 21. Nb3 b5 22. Nd4 Bb7 23. g3 h5 24. Be2 h4 25. Bf3 Bxf3 26. Nxf3 hxg3 27. hxg3 Rag8 28. Kf2 Rh3 29. Rg1 Bb6+ 30. Nd4 Rh2+ 31. Rg2 Rxg2+ 32. Kxg2 Bc7 33. Kf3 Rh8 34. Nb3 Rh2 35. Re2 Rh1 36. Nc5 Rh7 37. Nxa6 Bb6 38. Nb4 d5 39. Nd3 Ra7 40. a3 Rh7 41. Ne5 Rh1 42. Nd7+ Ke7 43. Nxb6 Kd6 44. a4 Rf1+ 45. Kg2 Ra1 46. axb5 Kc5 47. Na4+ Kc4 48. Nb6+ Kxb5 49. Nd7 Kc6 50. Ne5+ Kb5 51. Nd3 Kb6 52. Rxe6+ Kb7 53. Re5 Kb8 54. Rxd5 Kb7 55. Rxf5 Ra2 56. Re5 Ra1 57. f5 Ra2 58. g4 Rxb2+ 59. Nxb2 Kc6 60. f6 1-0


[Site "https://www.chess.com"]

[Event "Titled Tuesday Blitz October 31 Early 2023"]
[White "Tharushi, T H D Niklesha"]
[Black "Begunov, Konstantin"]
[WhiteFideId "9918264"]
[BlackFideId "4118510"]
[WhiteElo "2229"]
[BlackElo "2405"]
[Result "1-0"]
[Round "5"]
[TimeControl "180+1"]
[Date "2023.10.31"]
[WhiteClock "0:00:30"]
[BlackClock "0:00:00"]
[Board "150"]

1. d4 d5 2. c4 c6 3. Nf3 Nf6 4. g3 Bf5 5. Nbd2 e6 6. Bg2 h6 7. O-O Ne4 8. b3 Nd7 9. Bb2 Be7 10. Nxe4 Bxe4 11. Nd2 Bxg2 12. Kxg2 Nf6 13. Qc2 Bb4 14. Bc3 Bxc3 15. Qxc3 O-O 16. Rfe1 Qb6 17. e4 dxe4 18. Nxe4 Nxe4 19. Rxe4 Rfd8 20. Rd1 Rd7 21. Rg4 Rad8 22. Re1 Rxd4 23. c5 Rxg4 24. cxb6 axb6 25. h3 Rgd4 26. Re3 b5 27. Qa5 g6 28. Qb6 R8d7 29. Qc5 R7d5 30. Qb6 Rd7 31. Qa7 h5 32. a4 bxa4 33. bxa4 h4 34. g4 Rd2 35. Rb3 b5 36. Qa8+ Rd8 37. Qxc6 bxa4 38. Qxa4 R8d4 39. Qe8+ Kg7 40. Rf3 Rd7 41. Qb8 R2d5 42. Qb2+ Kg8 43. Qf6 g5 44. Rb3 1-0


[Site "https://www.chess.com"]

[Event "Titled Tuesday Blitz October 31 Early 2023"]
[White "Bashirli, Saadat"]
[Black "vaniavindy"]
[WhiteFideId "13429990"]
[WhiteElo "2397"]
[BlackElo "2193"]
[Result "1-0"]
[Round "5"]
[TimeControl "180+1"]
[Date "2023.10.31"]
[WhiteClock "0:00:13"]
[BlackClock "0:00:00"]
[Board "151"]

1. e4 c6 2. d4 d5 3. exd5 cxd5 4. Bd3 Nc6 5. c3 Nf6 6. Ne2 Bg4 7. f3 Bh5 8. Bf4 e6 9. Nd2 Bg6 10. Nb3 Bd6 11. Bxd6 Qxd6 12. Nc5 b6 13. Nb3 O-O 14. O-O e5 15. dxe5 Nxe5 16. Bxg6 Nxg6 17. Qd4 Rfe8 18. Ng3 Rad8 19. Rfe1 a5 20. Nf5 Qc7 21. Rad1 Ne5 22. Qh4 Nc4 23. Qg5 Nh5 24. Qxh5 a4 25. Qg5 f6 26. Qh5 Re5 27. Rxe5 fxe5 28. Nd2 Qc5+ 29. Kh1 Nxb2 30. Rf1 Qxc3 31. Qg5 Rd7 32. Nh6+ Kh8 33. Qf5 Rd8 34. Nf7+ Kg8 35. Nxd8 h6 36. Qf7+ Kh7 37. Ne6 e4 38. fxe4 Nd3 39. Qf5+ Kh8 40. Nf8 Nf2+ 41. Qxf2 1-0


[Site "https://www.chess.com"]